Rafales vs Thunder

Created - May 1, 2018 at 20:05

Goals
1 2 3 T
Rafales 2 2 0 4
Thunder 1 1 1 3
Shots
1 2 3 T
Rafales 18 16 7 41
Thunder 13 14 8 35

1st period

1. Rafales , James Marcou 8 (Chris Terry 13, Kevin Veilleux 18) at 5:59
2. Rafales , Milan Bartovic 30 (Mike Zigomanis 79, Cody McLeod 75) at 6:05
3. Thunder , Jay Beagle 17 (David Fischer 52) at 15:24

Penalties :
No Penalty

2nd period

4. Rafales , Mark Fayne 10 (Mike Zigomanis 80, Milan Bartovic 39) at 7:31 (PP)
5. Rafales , Jarret Stoll 27 (Michael Bournival 24, Dennis Persson 2) at 8:32
6. Thunder , Thomas Spelling 7 (Dany Roussin 62, Daultan Leveillé 46) at 10:18

Penalties :
Thomas Spelling (TRO) for Slashing (Minor) at 4:07, Jay Beagle (TRO) for Roughing (Minor) at 7:19, Austin Wuthrich (TRO) for Roughing (Minor) at 16:08, James Marcou (Stf) for High sticking (Minor) at 19:06

3rd period

7. Thunder , Jay Beagle 18 (Adam Hall 46) at 19:32 (PP)

Penalties :
Milan Bartovic (Stf) for Hooking (Minor) at 3:18, Gianluca Curcuruto (TRO) for Interference (Minor) at 5:54, Adam Hall (TRO) for Hooking (Minor) at 13:44, Kevin Veilleux (Stf) for Hooking (Minor) at 19:26

Goalie Stats

Philipp Grubauer (Stf), 32 saves from 35 shots - (0.914), W, 21-11-5, 60:00 minutes
Jake Allen (TRO), 37 saves from 41 shots - (0.902), L, 9-15-0, 59:39 minutes

Players Stats for Rafales

Player Name              G  A  P  +/- PIM S  H  SB GA TA FO     MP     PP MP  PK MP  
------------------------------------------------------------------------------------
Brian Ferlin             0  0  0   0  0   1  0  0  1  0  0/1     9:31   0:27   0:00 
Carl Klingberg           0  0  0   0  0   0  0  1  0  0  0/0    10:41   0:27   1:00 
Chris Terry              0  1  1   1  0   1  0  0  0  0  0/1     8:58   0:00   0:00 
Cody McLeod              0  1  1   1  0   3  3  2  1  1  1/3    24:14   4:27   2:54 
Connor Murphy            0  0  0  -1  0   0  1  0  1  0  0/0    23:48   3:04   1:48 
Dennis Persson           0  1  1   2  0   0  0  0  0  0  0/0    17:07   0:00   0:00 
Dylan McIlrath           0  0  0   0  0   0  1  0  0  0  0/0    11:02   0:00   0:00 
James Marcou             1  0  1   1  2   4  1  0  0  0  0/0     9:00   0:00   0:00 
Jarret Stoll             1  0  1  -1  0   6  2  0  1  0  13/23  16:11   1:15   0:28 
Julian Melchiori         0  0  0   0  0   3  2  1  1  0  0/0    20:35   3:04   1:48 
Kevin Veilleux           0  1  1   1  2   2  0  0  0  1  2/4     9:16   0:08   0:00 
Mark Fayne               1  0  1   1  0   2  1  2  0  0  0/0    28:14   5:04   2:16 
Michael Bournival        0  1  1  -1  0   6  1  0  1  0  0/0    15:57   3:14   0:00 
Mike Zigomanis           0  2  2   1  0   4  1  0  2  0  14/29  19:37   3:13   2:43 
Milan Bartovic           1  1  2   1  2   7  2  0  0  0  0/1    21:36   4:27   0:10 
Nathan Davis             0  0  0   0  0   2  0  0  0  1  2/4    14:55   3:32   0:53 
Slater Koekkoek          0  0  0   0  0   0  0  0  0  1  0/0    19:14   5:04   2:16 
Tim Crowder              0  0  0  -1  0   0  0  0  1  0  1/1    15:57   3:14   0:00 

Players Stats for Thunder

Player Name              G  A  P  +/- PIM S  H  SB GA TA FO     MP     PP MP  PK MP  
------------------------------------------------------------------------------------
Adam Hall                0  1  1   0  2   3  1  0  1  1  0/0    19:54   2:34   1:24 
Austin Wuthrich          0  0  0   0  2   2  1  0  0  0  0/0     7:47   0:17   0:00 
Dany Roussin             0  1  1  -1  0   4  1  0  1  0  0/0    19:34   1:13   4:17 
Daultan Leveillé         0  1  1  -1  0   1  0  1  1  0  8/15   14:42   1:13   0:00 
David Fischer            0  1  1  -1  0   0  0  2  0  0  0/0    16:07   0:00   1:17 
David Wolf               0  0  0   0  0   2  1  0  0  0  0/0     6:57   0:00   0:00 
Dougie Hamilton          0  0  0   1  0   2  1  0  0  1  0/0     8:13   2:44   0:17 
Gianluca Curcuruto       0  0  0   1  2   0  1  0  0  0  0/0    11:38   0:00   0:07 
Jamie McGinn             0  0  0   0  0   0  0  0  0  0  0/0     0:56   0:56   0:00 
Jared Staal              0  0  0   0  0   0  0  0  0  0  0/0    10:42   0:00   0:00 
Jay Beagle               2  0  2   0  2   6  1  0  0  1  16/32  20:40   2:34   2:10 
Joe Labate               0  0  0   0  0   1  0  0  0  0  4/9    10:42   0:00   0:00 
Joey Ryan                0  0  0  -1  0   2  0  3  0  1  0/0    19:53   1:20   3:19 
Michael Stone            0  0  0  -2  0   1  2  3  0  3  0/0    25:44   2:44   4:49 
Mike Hoffman             0  0  0   0  0   3  0  0  1  0  0/0    12:45   0:00   1:55 
Mikko Vainonen           0  0  0   1  0   0  1  0  0  0  0/0    16:07   0:00   3:13 
Nikolay Prokhorkin       0  0  0   0  0   0  0  0  0  0  0/0     0:17   0:17   0:00 
Ondrej Palat             0  0  0   0  0   0  0  0  0  0  0/0     1:21   0:00   1:21 
Peter Andersson          0  0  0   0  0   0  0  1  0  0  0/0     2:41   0:00   0:00 
Ryan Nugent-Hopkins      0  0  0   0  0   0  0  0  0  0  0/0     0:29   0:00   0:27 
Scott Parse              0  0  0   0  0   2  4  0  0  0  4/9    23:15   1:55   4:42 
Thomas Spelling          1  0  1  -1  2   5  0  0  0  1  0/0    14:49   1:13   0:00 
Zach Redmond             0  0  0  -1  0   1  0  1  0  1  0/0    19:37   1:20   3:14 
Zach Stepan              0  0  0   0  0   0  0  0  0  0  2/2     6:57   0:00   0:00 

3 Stars

1 - Milan Bartovic (Stf)
2 - Jay Beagle (TRO)
3 - Mark Fayne (Stf)

Power Play

Rafales - 1 on 5 Attempt(s) - 20.00%
Thunder - 1 on 3 Attempt(s) - 33.33%

Penalty Kill

Rafales - 2 on 3 Attempt(s) - 66.67% - Score 0 goal in Penalty Kill
Thunder - 4 on 5 Attempt(s) - 80.00% - Score 0 goal in Penalty Kill

Team Stat

Rafales - Hits : 15 - Faceoff Wins : 33 - Blocked Shots : 6 - Penalty Minutes : 6
Thunder - Hits : 14 - Faceoff Wins : 34 - Blocked Shots : 11 - Penalty Minutes : 10

Official

Referees : Walkom Stephen and Charron Francis
Linesman : Jonny Murray and Mike Cvik

Game Notes

Peter Andersson is injured at 10:54 of 1st period (Right Hand)
David Fischer is injured at 11:37 of 2nd period (Sprained Left Knee)
Mike Zigomanis is injured at 7:31 of 3rd period (Sore Right Knee)

Finance

Level 1 -- Attendance: 1547 (77.35%) -- Ticket Income $61,880
Level 2 -- Attendance: 738 (73.80%) -- Ticket Income $14,760
Total Attendance: 2285 (76.17%)
Total Ticket Income: $76,640
Other Income: $3,832
Total Income: $80,472

Rafales

5 vs 5 Forward 
   Center                   Left Wing                Right Wing               Time % Phy DF OF 
 1 Mike Zigomanis           Cody McLeod              Milan Bartovic           40     1   1  3  
 2 Jarret Stoll             Michael Bournival        Tim Crowder              30     1   1  3  
 3 Nathan Davis             Carl Klingberg           Brian Ferlin             20     1   1  3  
 4 Kevin Veilleux           Chris Terry              James Marcou             10     1   1  3  

5 vs 5 Defense 
   Defense                  Defense                                           Time % Phy DF OF 
 1 Dennis Persson           Mark Fayne                                        40     1   3  1  
 2 Julian Melchiori         Connor Murphy                                     30     1   3  1  
 3 Dylan McIlrath           Slater Koekkoek                                   20     1   3  1  
 4 Mark Fayne               Connor Murphy                                     10     1   3  1  

PowerPlay Forward 
   Center                   Left Wing                Right Wing               Time % Phy DF OF 
 1 Mike Zigomanis           Cody McLeod              Milan Bartovic           60     0   0  5  
 2 Nathan Davis             Michael Bournival        Tim Crowder              40     0   0  5  

PowerPlay Defense
   Defense                  Defense                                           Time % Phy DF OF 
 1 Slater Koekkoek          Mark Fayne                                        60     0   2  3  
 2 Julian Melchiori         Connor Murphy                                     40     0   2  3  

Penalty Kill 4 Players Forward 
   Center                   Wing                     Time % Phy DF OF 
 1 Mike Zigomanis           Cody McLeod              60     0   4  1  
 2 Nathan Davis             Milan Bartovic           40     0   4  1  

Penalty Kill 4 Players Defense
   Defense                  Defense                  Time % Phy DF OF 
 1 Slater Koekkoek          Mark Fayne               60     1   4  0  
 2 Julian Melchiori         Connor Murphy            40     1   4  0  

Penalty Kill - 3 Players Forward 
   Forward                                           Time % Phy DF OF 
 1 Mike Zigomanis                                    60     0   5  0  
 2 Cody McLeod                                       40     0   5  0  

Penalty Kill - 3 Players Defense
   Defense                  Defense                  Time % Phy DF OF 
 1 Slater Koekkoek          Mark Fayne               60     1   4  0  
 2 Julian Melchiori         Connor Murphy            40     1   4  0  

4 vs 4 Forward 
   Center                   Wing                     Time % Phy DF OF 
 1 Mike Zigomanis           Cody McLeod              60     1   1  3  
 2 Nathan Davis             Milan Bartovic           40     1   1  3  

4 vs 4 Defense
   Defense                  Defense                  Time % Phy DF OF 
 1 Slater Koekkoek          Mark Fayne               60     1   3  1  
 2 Julian Melchiori         Connor Murphy            40     1   3  1  

Last Minutes Offensive
   Center                   Left Wing                Right Wing               Defense                  Defense                  
   Mike Zigomanis           Cody McLeod              Milan Bartovic           Connor Murphy            Mark Fayne               

Last Minutes Defensive
   Center                   Left Wing                Right Wing               Defense                  Defense                  
   Mike Zigomanis           Cody McLeod              Milan Bartovic           Slater Koekkoek          Mark Fayne               

Goaltenders
Starting : Philipp Grubauer         
Backup : Leland Irving            

Extra Forwards
Normal : Cody McLeod, Mike Zigomanis, Milan Bartovic - PP : Cody McLeod, Mike Zigomanis - PK : Mike Zigomanis
Extra Defensemen
Normal : Connor Murphy, Mark Fayne, Slater Koekkoek - PP : Connor Murphy - PK : Slater Koekkoek, Mark Fayne
Penalty Shots
Mike Zigomanis, Cody McLeod, Nathan Davis, Milan Bartovic, James Marcou

Scratches
Ben Sexton (Healthy), Cedric Paquette (Healthy), Ryan Bourque (Healthy), Ben Johnson (Healthy), Nicklas Jensen (Healthy)
Jayson Megna (Healthy), Brad Ross (Healthy), Ben Thomson (Healthy), David Broll (Healthy), Stefan Chaput (Healthy)
Akim Aliu (Healthy), Maksim Mayorov (Healthy), Chris Driedger (Healthy)

Thunder

5 vs 5 Forward 
   Center                   Left Wing                Right Wing               Time % Phy DF OF 
 1 Jay Beagle               Scott Parse              Adam Hall                40     1   2  2  
 2 Daultan Leveillé         Dany Roussin             Thomas Spelling          30     1   2  2  
 3 Joe Labate               Mike Hoffman             Jared Staal              20     1   2  2  
 4 Zach Stepan              David Wolf               Austin Wuthrich          10     1   2  2  

5 vs 5 Defense 
   Defense                  Defense                                           Time % Phy DF OF 
 1 David Fischer            Michael Stone                                     40     1   2  2  
 2 Joey Ryan                Zach Redmond                                      30     1   2  2  
 3 Peter Andersson          Mikko Vainonen                                    20     1   2  2  
 4 Gianluca Curcuruto       David Fischer                                     10     1   2  2  

PowerPlay Forward 
   Center                   Left Wing                Right Wing               Time % Phy DF OF 
 1 Jay Beagle               Scott Parse              Adam Hall                60     1   2  2  
 2 Daultan Leveillé         Dany Roussin             Thomas Spelling          40     1   2  2  

PowerPlay Defense
   Defense                  Defense                                           Time % Phy DF OF 
 1 David Fischer            Michael Stone                                     60     1   2  2  
 2 Joey Ryan                Zach Redmond                                      40     1   2  2  

Penalty Kill 4 Players Forward 
   Center                   Wing                     Time % Phy DF OF 
 1 Scott Parse              Dany Roussin             60     1   2  2  
 2 Adam Hall                Jay Beagle               40     1   2  2  

Penalty Kill 4 Players Defense
   Defense                  Defense                  Time % Phy DF OF 
 1 David Fischer            Michael Stone            60     1   2  2  
 2 Joey Ryan                Zach Redmond             40     1   2  2  

Penalty Kill - 3 Players Forward 
   Forward                                           Time % Phy DF OF 
 1 Scott Parse                                       60     1   2  2  
 2 Dany Roussin                                      40     1   2  2  

Penalty Kill - 3 Players Defense
   Defense                  Defense                  Time % Phy DF OF 
 1 David Fischer            Michael Stone            60     1   2  2  
 2 Joey Ryan                Zach Redmond             40     1   2  2  

4 vs 4 Forward 
   Center                   Wing                     Time % Phy DF OF 
 1 Scott Parse              Dany Roussin             60     1   2  2  
 2 Adam Hall                Jay Beagle               40     1   2  2  

4 vs 4 Defense
   Defense                  Defense                  Time % Phy DF OF 
 1 David Fischer            Michael Stone            60     1   2  2  
 2 Joey Ryan                Zach Redmond             40     1   2  2  

Last Minutes Offensive
   Center                   Left Wing                Right Wing               Defense                  Defense                  
   Jay Beagle               Scott Parse              Adam Hall                David Fischer            Michael Stone            

Last Minutes Defensive
   Center                   Left Wing                Right Wing               Defense                  Defense                  
   Jay Beagle               Scott Parse              Adam Hall                David Fischer            Michael Stone            

Goaltenders
Starting : Jake Allen               
Backup : Connor Hellebyuk         

Extra Forwards
Normal : Jamie McGinn, Nikolay Prokhorkin, Mike Hoffman - PP : Jamie McGinn, Nikolay Prokhorkin - PK : Mike Hoffman
Extra Defensemen
Normal : Peter Andersson, Mikko Vainonen, Gianluca Curcuruto - PP : Peter Andersson - PK : Mikko Vainonen, Gianluca Curcuruto
Penalty Shots
Scott Parse, Dany Roussin, Adam Hall, Jay Beagle, Daultan Leveillé

Scratches
Devan Dubnyk (Healthy), Niklas Treutle (Healthy)

% Time on Ice - Rafales

Lines # - Real PCT - Wanted PCT - Time Play
Normal Forward
1 - 36% - 40% - 16:53
2 - 27% - 30% - 12:50
3 - 18% - 20% - 8:40
4 - 19% - 10% - 8:58
Normal Defense
1 - 38% - 40% - 18:11
2 - 33% - 30% - 15:43
3 - 22% - 20% - 10:23
4 - 6% - 10% - 3:04
PP Forward
1 - 60% - 60% - 4:54
2 - 40% - 40% - 3:14
PP Defense
1 - 62% - 60% - 5:04
2 - 38% - 40% - 3:04
PK Forward
1 - 78% - 60% - 3:11
2 - 22% - 40% - 0:53
PK Defense
1 - 56% - 60% - 2:16
2 - 44% - 40% - 1:48
PK3 Forward
1 - 0% - 60%
2 - 0% - 40%
PK3 Defense
1 - 0% - 60%
2 - 0% - 40%
44 Forward
1 - 0% - 60%
2 - 0% - 40%
44 Defense
1 - 0% - 60%
2 - 0% - 40%
Last Minute Offensive  - 0:00
Last Minute Defensive  - 0:27
Total
Forward - 60:00
Defense - 60:00

% Time on Ice - Thunder

Lines # - Real PCT - Wanted PCT - Time Play
Normal Forward
1 - 34% - 40% - 16:11
2 - 29% - 30% - 13:31
3 - 23% - 20% - 10:42
4 - 15% - 10% - 6:57
Normal Defense
1 - 37% - 40% - 17:44
2 - 32% - 30% - 15:03
3 - 18% - 20% - 8:36
4 - 13% - 10% - 5:58
PP Forward
1 - 70% - 60% - 2:51
2 - 30% - 40% - 1:13
PP Defense
1 - 67% - 60% - 2:44
2 - 33% - 40% - 1:20
PK Forward
1 - 73% - 60% - 5:58
2 - 27% - 40% - 2:10
PK Defense
1 - 60% - 60% - 4:54
2 - 40% - 40% - 3:14
PK3 Forward
1 - 0% - 60%
2 - 0% - 40%
PK3 Defense
1 - 0% - 60%
2 - 0% - 40%
44 Forward
1 - 0% - 60%
2 - 0% - 40%
44 Defense
1 - 0% - 60%
2 - 0% - 40%
Last Minute Offensive  - 0:27
Last Minute Defensive  - 0:00
Total
Forward - 60:00
Defense - 60:00

Play by Play

1st period


0:01 of 1st period - Scott Parse wins face-off versus Mike Zigomanis in neutral zone.
1:14 of 1st period - Off-side.
1:15 of 1st period - Mike Zigomanis wins face-off versus Jay Beagle in neutral zone.
1:20 of 1st period - Wrist shot by Milan Bartovic.
1:20 of 1st period - Shot Misses the Net.
1:22 of 1st period - Backhand shot by Julian Melchiori.
1:22 of 1st period - Stopped by Jake Allen with a rebound.
1:24 of 1st period - Slapshot by Julian Melchiori.
1:24 of 1st period - Stopped by Jake Allen with a rebound.
1:26 of 1st period - Slapshot by Julian Melchiori.
1:26 of 1st period - Stopped by Jake Allen with a rebound.
1:28 of 1st period - Wrist shot by Mike Zigomanis.
1:28 of 1st period - Shot Misses the Net.
1:47 of 1st period - Icing by Michael Bournival.
1:48 of 1st period - Jarret Stoll wins face-off versus Joe Labate in Rafales zone.
1:53 of 1st period - Slapshot by Jarret Stoll.
1:53 of 1st period - Shot Misses the Net.
1:55 of 1st period - Snap shot by Michael Bournival.
1:55 of 1st period - Shot Misses the Net.
1:59 of 1st period - Snap shot by Jarret Stoll.
1:59 of 1st period - Deflect By David Fischer.
1:59 of 1st period - Shot Misses the Net.
1:59 of 1st period - Puck is out of play.
2:00 of 1st period - Mike Zigomanis wins face-off versus Scott Parse in Thunder zone.
2:15 of 1st period - Wrist shot by Scott Parse.
2:15 of 1st period - Stopped by Philipp Grubauer without a rebound.
2:16 of 1st period - Daultan Leveillé wins face-off versus Brian Ferlin in Rafales zone.
2:17 of 1st period - Snap shot by Dany Roussin.
2:17 of 1st period - Shot Blocked by Mark Fayne.
2:25 of 1st period - Carl Klingberg is hit by Michael Stone and loses puck.
3:09 of 1st period - Wrist shot by Jarret Stoll.
3:09 of 1st period - Stopped by Jake Allen without a rebound.
3:10 of 1st period - Daultan Leveillé wins face-off versus Kevin Veilleux in Thunder zone.
3:42 of 1st period - Snap shot by David Wolf.
3:42 of 1st period - Shot Misses the Net.
3:52 of 1st period - Snap shot by Adam Hall.
3:52 of 1st period - Stopped by Philipp Grubauer with a rebound.
4:21 of 1st period - Slapshot by Joey Ryan.
4:21 of 1st period - Deflect By Nathan Davis.
4:21 of 1st period - Stopped by Philipp Grubauer with a rebound.
4:23 of 1st period - Slapshot by Jared Staal.
4:23 of 1st period - Shot Blocked by Carl Klingberg.
4:25 of 1st period - Snap shot by Joey Ryan.
4:25 of 1st period - Shot Misses the Net.
5:39 of 1st period - Wrist shot by Adam Hall.
5:39 of 1st period - Shot Misses the Net.
5:59 of 1st period - Wrist shot by Chris Terry.
5:59 of 1st period - Deflect By James Marcou.
5:59 of 1st period - Goal by James Marcou - Rafales : 1 - Thunder : 0.
6:00 of 1st period - Mike Zigomanis wins face-off versus Jay Beagle in neutral zone.
6:05 of 1st period - Backhand shot by Milan Bartovic.
6:05 of 1st period - Goal by Milan Bartovic - Rafales : 2 - Thunder : 0.
6:06 of 1st period - Mike Zigomanis wins face-off versus Jay Beagle in neutral zone.
6:11 of 1st period - Snap shot by Mike Zigomanis.
6:11 of 1st period - Shot Misses the Net.
6:15 of 1st period - Wrist shot by Milan Bartovic.
6:15 of 1st period - Stopped by Jake Allen without a rebound.
6:16 of 1st period - Jay Beagle wins face-off versus Mike Zigomanis in Thunder zone.
6:36 of 1st period - Slapshot by Mike Zigomanis.
6:36 of 1st period - Stopped by Jake Allen with a rebound.
6:38 of 1st period - Snap shot by Milan Bartovic.
6:38 of 1st period - Shot Misses the Net.
6:40 of 1st period - Slapshot by Milan Bartovic.
6:40 of 1st period - Shot Misses the Net.
6:42 of 1st period - Backhand shot by Julian Melchiori.
6:42 of 1st period - Shot Misses the Net.
6:44 of 1st period - Snap shot by Milan Bartovic.
6:44 of 1st period - Stopped by Jake Allen without a rebound.
6:45 of 1st period - Jarret Stoll wins face-off versus Daultan Leveillé in Thunder zone.
6:58 of 1st period - Snap shot by Dany Roussin.
6:58 of 1st period - Stopped by Philipp Grubauer with a rebound.
7:31 of 1st period - David Fischer is hit by Mike Zigomanis and loses puck.
7:58 of 1st period - Snap shot by Kevin Veilleux.
7:58 of 1st period - Stopped by Jake Allen without a rebound.
7:59 of 1st period - Jarret Stoll wins face-off versus Daultan Leveillé in Thunder zone.
8:06 of 1st period - Snap shot by Michael Bournival.
8:06 of 1st period - Stopped by Jake Allen with a rebound.
8:08 of 1st period - Snap shot by Connor Murphy.
8:08 of 1st period - Shot Blocked by Peter Andersson.
8:24 of 1st period - Mike Zigomanis is hit by Adam Hall.
8:31 of 1st period - Off-side.
8:32 of 1st period - Jarret Stoll wins face-off versus Jay Beagle in neutral zone.
8:35 of 1st period - Wrist shot by Michael Bournival.
8:35 of 1st period - Stopped by Jake Allen with a rebound.
8:56 of 1st period - Off-side.
8:57 of 1st period - Daultan Leveillé wins face-off versus Mike Zigomanis in neutral zone.
9:00 of 1st period - Snap shot by Daultan Leveillé.
9:00 of 1st period - Shot Misses the Net.
9:02 of 1st period - Slapshot by Joey Ryan.
9:02 of 1st period - Deflect By Mike Zigomanis.
9:02 of 1st period - Stopped by Philipp Grubauer without a rebound.
9:03 of 1st period - Daultan Leveillé wins face-off versus Nathan Davis in Rafales zone.
9:50 of 1st period - Snap shot by David Fischer.
9:50 of 1st period - Deflect By David Wolf.
9:50 of 1st period - Stopped by Philipp Grubauer without a rebound.
9:51 of 1st period - Zach Stepan wins face-off versus Jarret Stoll in Rafales zone.
10:04 of 1st period - Slapshot by Jarret Stoll.
10:04 of 1st period - Stopped by Jake Allen without a rebound.
10:05 of 1st period - Jay Beagle wins face-off versus Mike Zigomanis in Thunder zone.
10:37 of 1st period - Snap shot by Tim Crowder.
10:37 of 1st period - Shot Blocked by Daultan Leveillé.
10:53 of 1st period - Peter Andersson is hit by Connor Murphy.
10:54 of 1st period - Peter Andersson from Thunder is injured at 10:54 of 1st period (Right Hand).
10:55 of 1st period - Mike Zigomanis wins face-off versus Jay Beagle in Thunder zone.
11:46 of 1st period - Snap shot by Mike Hoffman.
11:46 of 1st period - Stopped by Philipp Grubauer without a rebound.
11:47 of 1st period - Joe Labate wins face-off versus Mike Zigomanis in Rafales zone.
11:48 of 1st period - Snap shot by Mike Hoffman.
11:48 of 1st period - Shot Misses the Net.
12:00 of 1st period - Snap shot by Cody McLeod.
12:00 of 1st period - Shot Misses the Net.
12:02 of 1st period - Snap shot by Milan Bartovic.
12:02 of 1st period - Shot Blocked by Joey Ryan.
12:12 of 1st period - Nathan Davis is hit by Scott Parse and loses puck.
12:43 of 1st period - Slapshot by Dany Roussin.
12:43 of 1st period - Shot Misses the Net.
13:46 of 1st period - Slapshot by Scott Parse.
13:46 of 1st period - Stopped by Philipp Grubauer with a rebound.
14:11 of 1st period - Snap shot by Carl Klingberg.
14:11 of 1st period - Shot Misses the Net.
14:13 of 1st period - Wrist shot by Jarret Stoll.
14:13 of 1st period - Deflect By Michael Bournival.
14:13 of 1st period - Stopped by Jake Allen with a rebound.
14:37 of 1st period - Wrist shot by Mike Hoffman.
14:37 of 1st period - Stopped by Philipp Grubauer with a rebound.
15:03 of 1st period - Snap shot by Kevin Veilleux.
15:03 of 1st period - Shot Misses the Net.
15:09 of 1st period - James Marcou is hit by David Wolf and loses puck.
15:22 of 1st period - Wrist shot by Jay Beagle.
15:22 of 1st period - Stopped by Philipp Grubauer with a rebound.
15:24 of 1st period - Snap shot by Jay Beagle.
15:24 of 1st period - Goal by Jay Beagle - Rafales : 2 - Thunder : 1.
15:25 of 1st period - Jay Beagle wins face-off versus Cody McLeod in neutral zone.
15:59 of 1st period - Daultan Leveillé is hit by Jarret Stoll and loses puck.
16:17 of 1st period - Snap shot by Mike Hoffman.
16:17 of 1st period - Shot Blocked by Julian Melchiori.
16:31 of 1st period - Snap shot by Kevin Veilleux.
16:31 of 1st period - Shot Misses the Net.
16:33 of 1st period - Snap shot by Julian Melchiori.
16:33 of 1st period - Shot Misses the Net.
16:37 of 1st period - Snap shot by Chris Terry.
16:37 of 1st period - Deflect By Joey Ryan.
16:37 of 1st period - Shot Misses the Net.
16:37 of 1st period - Puck is out of play.
16:38 of 1st period - Kevin Veilleux wins face-off versus Jay Beagle in Thunder zone.
16:39 of 1st period - Wrist shot by James Marcou.
16:39 of 1st period - Stopped by Jake Allen with a rebound.
16:47 of 1st period - Snap shot by Adam Hall.
16:47 of 1st period - Stopped by Philipp Grubauer with a rebound.
16:49 of 1st period - Backhand shot by Scott Parse.
16:49 of 1st period - Shot Misses the Net.
16:53 of 1st period - Wrist shot by Jay Beagle.
16:53 of 1st period - Stopped by Philipp Grubauer with a rebound.
18:13 of 1st period - Connor Murphy is hit by Scott Parse and loses puck.
18:58 of 1st period - Wrist shot by Michael Bournival.
18:58 of 1st period - Stopped by Jake Allen without a rebound.
18:59 of 1st period - Mike Zigomanis wins face-off versus Jay Beagle in Thunder zone.
19:08 of 1st period - Snap shot by Milan Bartovic.
19:08 of 1st period - Stopped by Jake Allen without a rebound.
19:09 of 1st period - Mike Zigomanis wins face-off versus Jay Beagle in Thunder zone.
19:12 of 1st period - Wrist shot by Mike Zigomanis.
19:12 of 1st period - Shot Blocked by David Fischer.
19:26 of 1st period - Snap shot by Mike Zigomanis.
19:26 of 1st period - Shot Misses the Net.
19:28 of 1st period - Wrist shot by Mike Zigomanis.
19:28 of 1st period - Deflect By Michael Stone.
19:28 of 1st period - Shot Blocked by Michael Stone.
19:28 of 1st period - Puck is out of play.
19:29 of 1st period - Daultan Leveillé wins face-off versus Jarret Stoll in Thunder zone.
19:34 of 1st period - Slapshot by Jarret Stoll.
19:34 of 1st period - Stopped by Jake Allen with a rebound.
Goals for this period are 2 for Rafales vs 1 for Thunder.
Shots for this period are 18 for Rafales vs 13 for Thunder.

2nd period


0:01 of 2nd period - Mike Zigomanis wins face-off versus Jay Beagle in neutral zone.
0:06 of 2nd period - Snap shot by Mike Zigomanis.
0:06 of 2nd period - Stopped by Jake Allen with a rebound.
0:08 of 2nd period - Slapshot by Mark Fayne.
0:08 of 2nd period - Shot Hit the Post.
0:10 of 2nd period - Slapshot by Mark Fayne.
0:10 of 2nd period - Stopped by Jake Allen with a rebound.
0:12 of 2nd period - Slapshot by Cody McLeod.
0:12 of 2nd period - Stopped by Jake Allen without a rebound.
0:13 of 2nd period - Jay Beagle wins face-off versus Mike Zigomanis in Thunder zone.
0:13 of 2nd period - Jay Beagle is hit by Cody McLeod.
1:20 of 2nd period - Connor Murphy is hit by Scott Parse and loses puck.
2:07 of 2nd period - Wrist shot by Daultan Leveillé.
2:07 of 2nd period - Shot Misses the Net.
2:09 of 2nd period - Backhand shot by Dany Roussin.
2:09 of 2nd period - Stopped by Philipp Grubauer without a rebound.
2:10 of 2nd period - Jay Beagle wins face-off versus Mike Zigomanis in Rafales zone.
2:11 of 2nd period - Wrist shot by Adam Hall.
2:11 of 2nd period - Shot Misses the Net.
2:17 of 2nd period - Scott Parse is hit by Cody McLeod and loses puck.
2:26 of 2nd period - Slapshot by Cody McLeod.
2:26 of 2nd period - Stopped by Jake Allen without a rebound.
2:27 of 2nd period - Tim Crowder wins face-off versus Daultan Leveillé in Thunder zone.
3:01 of 2nd period - Snap shot by Jay Beagle.
3:01 of 2nd period - Shot Misses the Net.
3:08 of 2nd period - Icing by Connor Murphy.
3:09 of 2nd period - Nathan Davis wins face-off versus Joe Labate in Rafales zone.
3:24 of 2nd period - Snap shot by Carl Klingberg.
3:24 of 2nd period - Shot Blocked by Joey Ryan.
3:55 of 2nd period - Snap shot by Thomas Spelling.
3:55 of 2nd period - Stopped by Philipp Grubauer with a rebound.
3:57 of 2nd period - Slapshot by Zach Redmond.
3:57 of 2nd period - Stopped by Philipp Grubauer without a rebound.
3:58 of 2nd period - Jarret Stoll wins face-off versus Daultan Leveillé in Rafales zone.
3:58 of 2nd period - Jarret Stoll is hit by Dany Roussin.
4:07 of 2nd period - Minor Penalty to Thomas Spelling for Slashing.
4:08 of 2nd period - Scott Parse wins face-off versus Mike Zigomanis in Thunder zone.
4:17 of 2nd period - Michael Stone is hit by Cody McLeod and loses puck.
4:42 of 2nd period - Michael Stone is hit by Michael Bournival and loses puck.
6:07 of 2nd period - Penalty to Thomas Spelling is over, Thomas Spelling is back on ice.
6:27 of 2nd period - Off-side.
6:28 of 2nd period - Zach Stepan wins face-off versus Kevin Veilleux in neutral zone.
6:53 of 2nd period - Wrist shot by Jarret Stoll.
6:53 of 2nd period - Stopped by Jake Allen without a rebound.
6:54 of 2nd period - Jay Beagle wins face-off versus Jarret Stoll in Thunder zone.
7:19 of 2nd period - Minor Penalty to Jay Beagle for Roughing.
7:20 of 2nd period - Mike Zigomanis wins face-off versus Scott Parse in Thunder zone.
7:21 of 2nd period - Snap shot by Milan Bartovic.
7:21 of 2nd period - Stopped by Jake Allen with a rebound.
7:27 of 2nd period - Snap shot by Mike Zigomanis.
7:27 of 2nd period - Stopped by Jake Allen with a rebound.
7:29 of 2nd period - Snap shot by Mike Zigomanis.
7:29 of 2nd period - Shot Misses the Net.
7:31 of 2nd period - Slapshot by Mark Fayne.
7:31 of 2nd period - Goal by Mark Fayne - Rafales : 3 - Thunder : 1.
7:32 of 2nd period - Jay Beagle wins face-off versus Mike Zigomanis in neutral zone.
7:35 of 2nd period - Slapshot by David Fischer.
7:35 of 2nd period - Shot Blocked by Cody McLeod.
7:37 of 2nd period - Snap shot by Jay Beagle.
7:37 of 2nd period - Shot Blocked by Mark Fayne.
7:39 of 2nd period - Slapshot by Michael Stone.
7:39 of 2nd period - Stopped by Philipp Grubauer with a rebound.
8:18 of 2nd period - Icing by Jarret Stoll.
8:19 of 2nd period - Daultan Leveillé wins face-off versus Jarret Stoll in Rafales zone.
8:32 of 2nd period - Wrist shot by Jarret Stoll.
8:32 of 2nd period - Goal by Jarret Stoll - Rafales : 4 - Thunder : 1.
8:33 of 2nd period - Jay Beagle wins face-off versus Mike Zigomanis in neutral zone.
9:12 of 2nd period - Snap shot by Nathan Davis.
9:12 of 2nd period - Stopped by Jake Allen without a rebound.
9:13 of 2nd period - Joe Labate wins face-off versus Jarret Stoll in Thunder zone.
9:24 of 2nd period - Snap shot by Mike Hoffman.
9:24 of 2nd period - Stopped by Philipp Grubauer without a rebound.
9:25 of 2nd period - Jay Beagle wins face-off versus Mike Zigomanis in Rafales zone.
9:38 of 2nd period - Mike Zigomanis is hit by Gianluca Curcuruto and loses puck.
10:02 of 2nd period - Icing by Thomas Spelling.
10:03 of 2nd period - Daultan Leveillé wins face-off versus Jarret Stoll in Thunder zone.
10:10 of 2nd period - Snap shot by Dany Roussin.
10:10 of 2nd period - Shot Misses the Net.
10:18 of 2nd period - Wrist shot by Thomas Spelling.
10:18 of 2nd period - Goal by Thomas Spelling - Rafales : 4 - Thunder : 2.
10:19 of 2nd period - Mike Zigomanis wins face-off versus Jay Beagle in neutral zone.
10:28 of 2nd period - Snap shot by Milan Bartovic.
10:28 of 2nd period - Stopped by Jake Allen without a rebound.
10:29 of 2nd period - Jay Beagle wins face-off versus Cody McLeod in Thunder zone.
10:48 of 2nd period - Michael Stone is hit by Milan Bartovic and loses puck.
11:09 of 2nd period - Snap shot by Milan Bartovic.
11:09 of 2nd period - Stopped by Jake Allen with a rebound.
11:11 of 2nd period - Snap shot by Mike Zigomanis.
11:11 of 2nd period - Shot Blocked by Michael Stone.
11:13 of 2nd period - Slapshot by Cody McLeod.
11:13 of 2nd period - Shot Misses the Net.
11:15 of 2nd period - Slapshot by Mark Fayne.
11:15 of 2nd period - Shot Blocked by Michael Stone.
11:35 of 2nd period - Slapshot by Milan Bartovic.
11:35 of 2nd period - Shot Misses the Net.
11:37 of 2nd period - Slapshot by Connor Murphy.
11:37 of 2nd period - Deflect By Cody McLeod.
11:37 of 2nd period - Shot Blocked by David Fischer.
11:37 of 2nd period - David Fischer from Thunder is injured at 11:37 of 2nd period (Sprained Left Knee).
11:38 of 2nd period - Jarret Stoll wins face-off versus Daultan Leveillé in Thunder zone.
11:41 of 2nd period - Slapshot by Michael Bournival.
11:41 of 2nd period - Deflect By Jarret Stoll.
11:41 of 2nd period - Stopped by Jake Allen without a rebound.
11:42 of 2nd period - Jarret Stoll wins face-off versus Daultan Leveillé in Thunder zone.
12:33 of 2nd period - Wrist shot by Joe Labate.
12:33 of 2nd period - Stopped by Philipp Grubauer with a rebound.
12:51 of 2nd period - Michael Stone is hit by James Marcou.
12:55 of 2nd period - Kevin Veilleux is hit by Austin Wuthrich and loses puck.
13:19 of 2nd period - Dany Roussin is hit by Dylan McIlrath and loses puck.
13:53 of 2nd period - Snap shot by Thomas Spelling.
13:53 of 2nd period - Stopped by Philipp Grubauer without a rebound.
13:54 of 2nd period - Mike Zigomanis wins face-off versus Jay Beagle in Rafales zone.
14:03 of 2nd period - Slapshot by Cody McLeod.
14:03 of 2nd period - Stopped by Jake Allen without a rebound.
14:04 of 2nd period - Jay Beagle wins face-off versus Milan Bartovic in Thunder zone.
14:25 of 2nd period - Slapshot by Mike Zigomanis.
14:25 of 2nd period - Stopped by Jake Allen without a rebound.
14:26 of 2nd period - Jarret Stoll wins face-off versus Daultan Leveillé in Thunder zone.
16:08 of 2nd period - Minor Penalty to Austin Wuthrich for Roughing.
16:09 of 2nd period - Scott Parse wins face-off versus Mike Zigomanis in Thunder zone.
17:47 of 2nd period - Icing by Mike Zigomanis.
17:48 of 2nd period - Mike Zigomanis wins face-off versus Scott Parse in Rafales zone.
18:08 of 2nd period - Penalty to Austin Wuthrich is over, Austin Wuthrich is back on ice.
18:25 of 2nd period - Snap shot by Chris Terry.
18:25 of 2nd period - Stopped by Jake Allen with a rebound.
18:47 of 2nd period - Zach Redmond is hit by Milan Bartovic and loses puck.
19:00 of 2nd period - Slapshot by David Wolf.
19:00 of 2nd period - Shot Misses the Net.
19:06 of 2nd period - Minor Penalty to James Marcou for High sticking.
19:07 of 2nd period - Daultan Leveillé wins face-off versus Mike Zigomanis in Rafales zone.
19:10 of 2nd period - Wrist shot by Daultan Leveillé.
19:10 of 2nd period - Stopped by Philipp Grubauer with a rebound.
19:12 of 2nd period - Slapshot by Dougie Hamilton.
19:12 of 2nd period - Shot Misses the Net.
19:30 of 2nd period - Snap shot by Jay Beagle.
19:30 of 2nd period - Stopped by Philipp Grubauer without a rebound.
19:31 of 2nd period - Mike Zigomanis wins face-off versus Jay Beagle in Rafales zone.
19:38 of 2nd period - Snap shot by Jay Beagle.
19:38 of 2nd period - Stopped by Philipp Grubauer with a rebound.
19:40 of 2nd period - Slapshot by Dougie Hamilton.
19:40 of 2nd period - Deflect By Cody McLeod.
19:40 of 2nd period - Stopped by Philipp Grubauer with a rebound.
19:42 of 2nd period - Slapshot by Dougie Hamilton.
19:42 of 2nd period - Stopped by Philipp Grubauer with a rebound.
19:44 of 2nd period - Slapshot by Michael Stone.
19:44 of 2nd period - Shot Blocked by Cody McLeod.
19:46 of 2nd period - Slapshot by Dougie Hamilton.
19:46 of 2nd period - Shot Misses the Net.
19:48 of 2nd period - Snap shot by Adam Hall.
19:48 of 2nd period - Stopped by Philipp Grubauer with a rebound.
Goals for this period are 2 for Rafales vs 1 for Thunder.
Shots for this period are 16 for Rafales vs 14 for Thunder.

3rd period


0:01 of 3rd period - Jay Beagle wins face-off versus Mike Zigomanis in neutral zone.
0:35 of 3rd period - Dougie Hamilton is hit by Julian Melchiori and loses puck.
1:06 of 3rd period - Penalty to James Marcou is over, James Marcou is back on ice.
1:14 of 3rd period - Slapshot by Mark Fayne.
1:14 of 3rd period - Shot Misses the Net.
1:16 of 3rd period - Snap shot by Kevin Veilleux.
1:16 of 3rd period - Shot Blocked by Joey Ryan.
1:18 of 3rd period - Snap shot by James Marcou.
1:18 of 3rd period - Stopped by Jake Allen without a rebound.
1:19 of 3rd period - Kevin Veilleux wins face-off versus Joe Labate in Thunder zone.
1:20 of 3rd period - Snap shot by Chris Terry.
1:20 of 3rd period - Deflect By Kevin Veilleux.
1:20 of 3rd period - Shot Hit the Post.
1:20 of 3rd period - Puck is out of play.
1:21 of 3rd period - Jarret Stoll wins face-off versus Joe Labate in Thunder zone.
2:13 of 3rd period - Wrist shot by James Marcou.
2:13 of 3rd period - Shot Misses the Net.
2:21 of 3rd period - Kevin Veilleux is hit by Mikko Vainonen and loses puck.
2:34 of 3rd period - Slapshot by Thomas Spelling.
2:34 of 3rd period - Stopped by Philipp Grubauer with a rebound.
2:38 of 3rd period - Slapshot by Thomas Spelling.
2:38 of 3rd period - Stopped by Philipp Grubauer with a rebound.
3:14 of 3rd period - Wrist shot by Dany Roussin.
3:14 of 3rd period - Stopped by Philipp Grubauer without a rebound.
3:15 of 3rd period - Cody McLeod wins face-off versus Jay Beagle in Rafales zone.
3:15 of 3rd period - Cody McLeod is hit by Dougie Hamilton.
3:18 of 3rd period - Minor Penalty to Milan Bartovic for Hooking.
3:19 of 3rd period - Jay Beagle wins face-off versus Mike Zigomanis in Rafales zone.
3:35 of 3rd period - Adam Hall is hit by Mark Fayne and loses puck.
4:04 of 3rd period - Adam Hall is hit by Julian Melchiori.
4:32 of 3rd period - Slapshot by Michael Stone.
4:32 of 3rd period - Deflect By Austin Wuthrich.
4:32 of 3rd period - Stopped by Philipp Grubauer with a rebound.
4:34 of 3rd period - Slapshot by Michael Stone.
4:34 of 3rd period - Deflect By Austin Wuthrich.
4:34 of 3rd period - Stopped by Philipp Grubauer without a rebound.
4:35 of 3rd period - Jay Beagle wins face-off versus Jarret Stoll in Rafales zone.
5:18 of 3rd period - Penalty to Milan Bartovic is over, Milan Bartovic is back on ice.
5:32 of 3rd period - Slapshot by Michael Bournival.
5:32 of 3rd period - Stopped by Jake Allen with a rebound.
5:54 of 3rd period - Minor Penalty to Gianluca Curcuruto for Interference.
5:55 of 3rd period - Mike Zigomanis wins face-off versus Scott Parse in Thunder zone.
7:30 of 3rd period - Mike Zigomanis is hit by Jay Beagle and loses puck.
7:31 of 3rd period - Mike Zigomanis from Rafales is injured at 7:31 of 3rd period (Sore Right Knee).
7:32 of 3rd period - Scott Parse wins face-off versus Jarret Stoll in Rafales zone.
7:54 of 3rd period - Penalty to Gianluca Curcuruto is over, Gianluca Curcuruto is back on ice.
8:01 of 3rd period - Slapshot by Mark Fayne.
8:01 of 3rd period - Shot Blocked by Zach Redmond.
8:03 of 3rd period - Snap shot by Michael Bournival.
8:03 of 3rd period - Stopped by Jake Allen with a rebound.
8:05 of 3rd period - Wrist shot by Nathan Davis.
8:05 of 3rd period - Stopped by Jake Allen without a rebound.
8:06 of 3rd period - Jarret Stoll wins face-off versus Joe Labate in Thunder zone.
9:03 of 3rd period - Snap shot by Kevin Veilleux.
9:03 of 3rd period - Shot Misses the Net.
9:53 of 3rd period - Wrist shot by Brian Ferlin.
9:53 of 3rd period - Shot Misses the Net.
9:55 of 3rd period - Snap shot by Brian Ferlin.
9:55 of 3rd period - Stopped by Jake Allen without a rebound.
9:56 of 3rd period - Nathan Davis wins face-off versus Jay Beagle in Thunder zone.
10:05 of 3rd period - Carl Klingberg is hit by Michael Stone.
10:21 of 3rd period - Michael Stone is hit by Jarret Stoll and loses puck.
12:50 of 3rd period - Wrist shot by David Wolf.
12:50 of 3rd period - Stopped by Philipp Grubauer with a rebound.
13:09 of 3rd period - Tim Crowder is hit by Scott Parse and loses puck.
13:21 of 3rd period - Icing by Mikko Vainonen.
13:22 of 3rd period - Joe Labate wins face-off versus Nathan Davis in Thunder zone.
13:44 of 3rd period - Minor Penalty to Adam Hall for Hooking.
13:45 of 3rd period - Jarret Stoll wins face-off versus Scott Parse in Thunder zone.
14:38 of 3rd period - Backhand shot by Mark Fayne.
14:38 of 3rd period - Shot Misses the Net.
15:44 of 3rd period - Penalty to Adam Hall is over, Adam Hall is back on ice.
15:55 of 3rd period - Slapshot by Dougie Hamilton.
15:55 of 3rd period - Shot Misses the Net.
16:35 of 3rd period - Wrist shot by Kevin Veilleux.
16:35 of 3rd period - Stopped by Jake Allen without a rebound.
16:36 of 3rd period - Joe Labate wins face-off versus Chris Terry in Thunder zone.
17:16 of 3rd period - Snap shot by James Marcou.
17:16 of 3rd period - Stopped by Jake Allen without a rebound.
17:17 of 3rd period - Jarret Stoll wins face-off versus Jay Beagle in Thunder zone.
17:44 of 3rd period - Snap shot by Dany Roussin.
17:44 of 3rd period - Stopped by Philipp Grubauer with a rebound.
19:26 of 3rd period - Minor Penalty to Kevin Veilleux for Hooking.
19:27 of 3rd period - Jay Beagle wins face-off versus Jarret Stoll in Rafales zone.
19:30 of 3rd period - Snap shot by Adam Hall.
19:30 of 3rd period - Shot Misses the Net.
19:32 of 3rd period - Wrist shot by Jay Beagle.
19:32 of 3rd period - Goal by Jay Beagle - Rafales : 4 - Thunder : 3.
19:33 of 3rd period - Jarret Stoll wins face-off versus Jay Beagle in neutral zone.
19:35 of 3rd period - Off-side.
19:36 of 3rd period - John Anderson call a timeout for Thunder.
19:36 of 3rd period - Jay Beagle wins face-off versus Jarret Stoll in neutral zone.
19:39 of 3rd period - Thunder, Jake Allen is pulled from the net.
19:55 of 3rd period - Snap shot by Jay Beagle.
19:55 of 3rd period - Shot Misses the Net.
Goals for this period are 0 for Rafales vs 1 for Thunder.
Shots for this period are 7 for Rafales vs 8 for Thunder.